 Dungeon Crawl Stone Soup version 0.18.1-1-g2f07953 (webtiles) character file.

105 Eucla the Chopper (level 4, -3/40 HPs)
             Began as a Hill Orc Gladiator on Oct 2, 2016.
             Killed from afar by an orc wizard (6 damage)
             ... with a puff of frost
             ... on level 3 of the Dungeon.
             The game lasted 00:02:08 (1355 turns).

Eucla the Chopper (Hill Orc Gladiator)              Turns: 1355, Time: 00:02:10

Health: -3/40      AC: 10    Str: 17    XL:     4   Next: 81%
Magic:  4/4        EV: 11    Int:  8    God:
Gold:   99         SH:  0    Dex: 12    Spells: 0 memorised, 3 levels left

rFire  + . .     SeeInvis .     a - +0 war axe
rCold  . . .     Gourm    .     n - +0 ring mail
rNeg   . . .     Faith    .     (no shield)
rPois  .         Spirit   .     c - +0 helmet
rElec  .         Dismiss  .     (no cloak)
rCorr  .         Reflect  .     i - +0 pair of gloves
SustAt .         Harm     .     (no boots)
MR     .....                    (no amulet)
Stlth  +.........               h - +3 ring of protection
                                j - ring of protection from fire

@: not resistant to hostile enchantments, very unstealthy
A: no striking features
a: no special abilities


You were on level 3 of the Dungeon.
You were hungry.

You visited 1 branch of the dungeon, and saw 3 of its levels.

You collected 99 gold pieces.

Inventory:

Hand Weapons
 a - a +0 war axe (weapon)
Missiles
 d - 3 throwing nets (quivered)
Armour
 b - a +0 leather armour
 c - a +0 helmet (worn)
 i - a +0 pair of gloves (worn)
 n - a +0 ring mail (worn)
Jewellery
 h - a +3 ring of protection (right hand)
 j - a ring of protection from fire (left hand)
Scrolls
 g - a scroll of fear
 l - 4 scrolls of remove curse
 m - a scroll of fog
Potions
 e - a potion of magic
 k - a potion of heal wounds {unknown}
 p - a potion of curing
 q - 2 potions of ambrosia {unknown}
Comestibles
 f - a bread ration
 r - a beef jerky


   Skills:
 + Level 4.0 Fighting
 * Level 6.1 Axes
 - Level 1.7 Throwing
 - Level 2.4 Dodging


You had 3 spell levels left.
You didn't know any spells.

Dungeon Overview and Level Annotations

Branches:
Dungeon (3/15)

Altars:
Ashenzari


Message History

The magic dart hits you!
* * * LOW HITPOINT WARNING * * *
You slash the orc wizard!
The orc wizard is almost dead.
The orc wizard closely misses you. The orc closely misses you.
The orc wizard casts a spell.
The orc wizard flickers and vanishes!
Deactivating autopickup; reactivate with Ctrl-A.
You closely miss something. Something completely misses you.
The orc hits you but does no damage.
Unknown command.
Drink which item? (? for menu, Esc to quit)
It was a potion of curing.
You feel better. Something hits you but does no damage.
You are electrocuted!
* * * LOW HITPOINT WARNING * * *
The orc completely misses you.
You hear some strange, mumbled words.
A puff of frost appears from out of thin air!
The puff of frost hits you!
You die...

####+## ?...... .......
....... .......
.......#################
......>wo{@............#
...?...###############.#
?...### #.# ...
############# #.# .
#...<.......# #.#
#.....†.....# #.#
#...........# #.#
#...........######.#
#...........'......#


You could see a dart slug and an orc.

Vanquished Creatures
  An orc wizard (D:3)
  An adder (D:2)
  3 worms (D:2)
  A dart slug (D:1)
  3 giant geckos
  2 orcs (D:3)
  A giant cockroach (D:1)
  3 goblins
  3 hobgoblins
  8 jackals
  2 quokkas (D:2)
  7 bats
  4 giant newts
  7 kobolds
  6 rats
52 creatures vanquished.

Notes
Turn   | Place    | Note
--------------------------------------------------------------
     0 | D:1      | Eucla the Hill Orc Gladiator began the quest for the Orb.
     0 | D:1      | Reached XP level 1. HP: 18/18 MP: 1/1
   105 | D:1      | Reached XP level 2. HP: 18/25 MP: 2/2
   668 | D:2      | Reached XP level 3. HP: 31/31 MP: 3/3
   696 | D:2      | Reached skill level 5 in Axes
   854 | D:2      | Found a shattered altar of Ashenzari.
  1043 | D:2      | Reached XP level 4. HP: 39/39 MP: 4/4
  1344 | D:3      | Reached skill level 6 in Axes
  1355 | D:3      | Killed from afar by an orc wizard

Skill      XL: |  1  2  3  4 |
---------------+-------------+-----
Fighting       | 3 4 |  4.0
Axes           | 5 6 |  6.1
Throwing       | |  1.7
Dodging        | |  2.4

Action                   |  1- 3 |  4- 6 || total
-------------------------+-------+-------++-------
Melee: War axe           |   101 |    36 ||   137
  Use: Scroll            |     8 |       ||     8
       Potion            |       |     1 ||     1
  Eat: Chunk             |       |     1 ||     1
Armor: Leather armour    |    24 |       ||    24
       Ring mail         |    41 |    24 ||    65
Dodge: Dodged            |    86 |    27 ||   113
